← All builds
Front / Armada / Economy first / OBSERVED BUILD

Standard front

Armada Front build order · Supreme Isthmus

Standard economy-first Front play: Bot Lab and Vehicle Plant up almost immediately, Advanced Metal Extractor around 9 minutes, with Blitz, Rocketeer, Pawn and Janus trickling out to hold and push the middle over the full 15 minutes.

#eco · 1186 distinct matches · 145 players · 75% of Armada Front games · team won 62% of 1353 · Recently observed

HOW TO PLAY IT

Key timing: T2 constructor by 7:43

  1. Open mex and wind, drop Bot Lab and Vehicle Plant almost immediately.
  2. Pump Blitz, Rocketeer and Pawn to the coast to stop leaks first.
  3. Add Centurion and Janus once first units are moving up.
  4. Form units into a line pushing toward middle as numbers grow.
  5. Upgrade to Advanced Metal Extractor as the economy transition kicks in.

Phase by phase

TYPICAL OF ITS 1186 GAMES
  1. 1
  2. 2
  3. 3
PLAY THE OPENING

Follow the example game's first 6:00 step by step: what to build now, what comes next, and where it goes. At 1× it keeps pace with your own game.

  1. 1

    Up to the Bot Lab

    Economy
    • Metal Extractor2Mex
    • Wind Turbine1Wind
    Order
    1. Bot LabBot Lab after 3 mex, 1 winddone ~0:45, middle half 0:35–8:13

    Some games also: Vehicle Plant (41%)

    By 0:28 in all: 2 mex · 1 wind

    The example game in this phase · 3 steps
    1. Mex ×2
    2. Windfor Suicide front
    3. Vehicle PlantVehicle Plantfor Suicide frontdone 0:42 · typical 0:47
  2. 2

    Bot Lab to 5:00

    Economy
    • Metal Extractor4Mex
    • Wind Turbine3Wind
    Army
    • Sentry1 Sentry

    Some games also: rocketeer (46%) · con bot (45%) · Lazarus (44%) · tick (42%) · centurion (37%)

    By 5:00 in all: 6 mex · 7 wind

    The example game in this phase · 38 steps
    1. RoverScout
    2. Windfor Suicide front
    3. RoverScout
    4. Mex
    5. Construction VehicleCon vehicle
    6. RoverScout ×4
    7. Construction VehicleCon vehicle ×2for Suicide front
    8. Construction VehicleCon vehicle
    9. Mex
    10. JanusJanus ×2
    11. Mex ×2
    12. JanusJanus
    13. SentrySentry
    14. Construction VehicleCon vehiclefor Suicide front
    15. Windfor Suicide front
    16. Construction VehicleCon vehiclefor Suicide front
    17. BeamerBeamer
    18. JanusJanus
    19. Wind ×2for Suicide front
    20. JanusJanus
    21. SentrySentry
    22. Windfor Suicide front
    23. SentrySentry
    24. Construction VehicleCon vehiclefor Suicide front
    25. Windfor Suicide front
    26. Energy storage
    27. Windfor Suicide front
    28. BlitzBlitz
    29. Windfor Suicide front
    30. BlitzBlitz
    31. Radar TowerRadar Tower
    32. BlitzBlitz
    33. BeamerBeamer
    34. Windfor Suicide front
    35. BlitzBlitz ×2
    36. Windfor Suicide front
    37. BlitzBlitz
    38. Windfor Suicide front
  3. 3

    5:00 to 10:00

    Economy
    • Metal Extractor1Mex
    • Wind Turbine14Wind
    Builders
    • Construction Turret2 Con turret
    Army
    • Sentry1 Sentry

    Some games also: energy storage (46%) · rocketeer (40%) · blitz (38%) · pawn (36%) · Lazarus (35%)

    By 10:00 in all: 7 mex · 25 wind · 1 energy storage · 3 con turret

    The example game in this phase · 67 steps
    1. BlitzBlitz ×2
    2. Windfor Suicide front
    3. BlitzBlitz
    4. Windfor Suicide front
    5. BlitzBlitz
    6. Con turretfor Suicide front
    7. Windfor Suicide front
    8. Construction VehicleCon vehiclefor Suicide front
    9. Wind ×2for Suicide front
    10. BlitzBlitz
    11. JanusJanus
    12. Windfor Suicide front
    13. Con turretfor Suicide front
    14. Windfor Suicide front
    15. BeamerBeamer
    16. BlitzBlitz
    17. Windfor Suicide front
    18. BlitzBlitz
    19. Wind ×2for Suicide front
    20. BlitzBlitz
    21. Mex
    22. Windfor Suicide front
    23. BeamerBeamer
    24. Windfor Suicide front
    25. BlitzBlitz
    26. Windfor Suicide front
    27. BeamerBeamer
    28. Windfor Suicide front
    29. BlitzBlitz
    30. Converterfor Suicide front
    31. Advanced Metal ExtractorT2 mexfor Suicide frontdone 8:30 · typical 8:53
    32. Windfor Suicide front
    33. BlitzBlitz
    34. Converterfor Suicide front
    35. Windfor Suicide front
    36. Converterfor Suicide front
    37. Radar TowerRadar Tower
    38. BlitzBlitz
    39. Windfor Suicide front
    40. Converterfor Suicide front
    41. Dragon's TeethDragon's Teethfor Suicide front
    42. Converterfor Suicide front
    43. Dragon's TeethDragon's Teeth ×3for Suicide front
    44. Windfor Suicide front
    45. Dragon's TeethDragon's Teeth ×3for Suicide front
    46. Converterfor Suicide front
    47. Dragon's TeethDragon's Teethfor Suicide front
    48. Windfor Suicide front
    49. Dragon's TeethDragon's Teeth ×2for Suicide front
    50. Windfor Suicide front
    51. Advanced Metal ExtractorT2 mexfor Suicide front
    52. Wind
    53. Advanced Metal ExtractorT2 mexfor Suicide front
    54. Windfor Suicide front
    55. BlitzBlitz
    56. Windfor Suicide front
    57. BlitzBlitz
    58. Wind
    59. BlitzBlitz
    60. Windfor Suicide front
    61. BlitzBlitz ×3
    62. Advanced Metal ExtractorT2 mex
    63. Windfor Suicide front
    64. BlitzBlitzfor Suicide front
    65. BlitzBlitz
    66. Windfor Suicide front
    67. BlitzBlitz

Counts are medians over the build's games: half of them build more, half fewer. The example game is Viltrum's (40 OS, 11/10/2026); pick another.

Team trades

IN AT LEAST 30% OF ITS GAMES

You hand over

Nothing regular.

You get

  • Tidal Generator4 Tidal from Pondfirst at 0:18 · in 68% of games
  • Advanced Construction Bot1 T2 con bot from Geo or Techfirst at 7:17 · in 67% of games

How it plays out

Typical game of this build, running totals by minute

Metal produced

010k20k30k
0:005:0010:0015:00

metal

Enemy metal destroyed

05k10k
0:005:0010:0015:00

metal

Own metal lost

05k10k
0:005:0010:0015:00

metal

1353 games.

Show as table
ByMetal produced: This buildEnemy metal destroyed: This buildOwn metal lost: This build
1:0033300
2:008442131
3:001621143105
4:002709545333
5:0038551200813
6:00506020801512
7:00629929412450
8:00762437803332
9:00906046094251
10:001066152434952
11:001259157465677
12:001477463056491
13:001737669067192
14:002008975638079
15:002265682958940
WHAT THE NUMBERS SAY

Standard Front play wins more often than Suicide front and produces more metal by 15:00 while losing less of it.

  • + Metal produced reaches 22627 by 15:00, well above Suicide front's 20142.
  • + Own metal lost is 8944 by 15:00, lower than enemy metal destroyed ratio of Suicide front.
  • − First unit lost already at 1:43, showing exposure despite the safer position.
  • − Blitz dominates army share at 25%, leaving fewer Centurion for anti-swarm.
THE EXAMPLE YOU ARE READING

Viltrum

40.3 OS · 11/10/2026

Open source match ↗

5 received units · includes a constructor
593 metal received · 5286 energy received

Allied construction assistance is unknown. Timings are observations, not a promise of solo reproducibility.

Typical milestones

Bot Lab0:45Middle 50%: 0:35–8:13 · n=857
Vehicle Plant0:47Middle 50%: 0:40–0:58 · n=946
Advanced Metal Extractor8:53Middle 50%: 8:02–10:00 · n=1079

Played most by

Hummell107games of this buildhaaven104games of this buildLeohvm89games of this buildXad68games of this buildDRM47games of this build